 Dungeon Crawl Stone Soup version 0.31-a0-1469-gd420192249 (webtiles) character file.

Game seed: 17883359848360575352

156941 tgirl the Warrior (level 17, -2/143 (146) HPs)
             Began as a Demonspawn Gladiator on Dec 28, 2023.
             Was a Priest of Wu Jian.
             Killed from afar by a will-o-the-wisp (12 damage)
             ... with a foxfire
             ... on level 2 of the Swamp.
             The game lasted 01:49:29 (27586 turns).

tgirl the Warrior (Demonspawn Gladiator)           Turns: 27586, Time: 01:49:29

HP:   -2/143 (146)  AC: 16    Str: 21    XL:     17   Next: 11%
MP:   17/17         EV: 32    Int:  9    God:    Wu Jian [***...]
Gold: 1821          SH: 15    Dex: 22    Spells: 16/16 levels left

rFire   . . .        k - +7 double sword of the Thing {vamp, Stlth+}
rCold   . . .        N - +3 kite shield
rNeg    . . .        u - +6 leather armour of Dust Devil {Str+6 Stlth+}
rPois   .            (helmet unavailable)
rElec   .            z - +2 cloak
rCorr   .            p - +0 pair of gloves
SInv    .            e - +2 pair of boots
Will    +....        T - amulet of the acrobat
Stlth   ++++++       j - +5 ring of evasion
HPRegen 0.43/turn    W - +4 ring of slaying
MPRegen 0.30/turn

%: repel missiles, acrobat
@: lightly drained
A: horns 3, repulsion field 3, icemail 1, magic regeneration, condensation
shield, bedeviling
a: Renounce Religion, Wall Jump, Serpent's Lash


You were on level 2 of the Swamp.
You worshipped Wu Jian.
Wu Jian was most pleased with you.
You visited 5 branches of the dungeon, and saw 26 of its levels.
You also visited: Trove.

You collected 2892 gold pieces.
You spent 1071 gold pieces at shops.

Inventory:

Hand Weapons
 a - a +4 long sword of venom
 k - the +7 double sword of the Thing (weapon) {vamp, Stlth+}
   (You acquired it on level 11 of the Dungeon)

   Stlth+:    It makes you more stealthy.
Armour
 e - a +2 pair of boots (worn)
 p - a +0 pair of gloves (worn)
 u - the +6 leather armour of Dust Devil (worn) {Str+6 Stlth+}
   (You found it on level 4 of the Dungeon)

   Str+6:     It affects your strength (+6).
   Stlth+:    It makes you more stealthy.
 z - a +2 cloak (worn)
 N - a +3 kite shield (worn)
Jewellery
 c - a +5 ring of evasion
 j - a +5 ring of evasion (left hand)
 t - a ring of willpower
 G - a +6 ring of dexterity
 R - a +6 ring of dexterity
 S - a ring of poison resistance
 T - an amulet of the acrobat (around neck)
 W - a +4 ring of slaying (right hand)
Wands
 b - a wand of light (6)
 d - a wand of digging (7)
 i - a wand of iceblast (33)
 l - a wand of mindburst (11)
 x - a wand of flame (32)
 M - a wand of paralysis (19)
Scrolls
 g - 12 scrolls of teleportation
 h - 4 scrolls of fear
 m - a scroll of enchant weapon
 n - 2 scrolls of fog
 q - a scroll of torment
 v - 2 scrolls of revelation
 w - 4 scrolls of poison
 y - 4 scrolls of amnesia
 A - 6 scrolls of immolation
 J - 2 scrolls of vulnerability
 U - 4 scrolls of noise
 X - a scroll of silence
Potions
 f - 8 potions of curing
 o - 4 potions of lignification
 r - 6 potions of brilliance
 B - 2 potions of berserk rage
 C - a potion of might
 D - 2 potions of enlightenment
 F - 6 potions of attraction
 K - a potion of invisibility
 L - 4 potions of ambrosia
 P - 7 potions of haste
 V - 5 potions of resistance
 Z - 5 potions of magic


   Skills:
 + Level 16.6 Fighting
 + Level 15.3 Long Blades
 - Level 1.7 Throwing
 + Level 15.3 Dodging
 - Level 7.6 Stealth
 + Level 6.9 Shields


You had 16 spell levels left.
You didn't know any spells.
Your spell library contained the following spells:

 Spells                   Type           Power      Damage    Failure   Level
 Foxfire                  Conj/Fire      0%         2x1d4     69%         1
 Summon Small Mammal      Summ           0%         N/A       69%         1
 Lesser Beckoning         Tloc           0%         N/A       83%         2
 Mercury Vapours          Alch/Air       0%         N/A       83%         2
 Call Canine Familiar     Summ           0%         N/A       96%         3
 Dazzling Flash           Conj/Hex       0%         N/A       96%         3
 Gell's Gravitas          Tloc           0%         N/A       96%         3
 Mephitic Cloud           Conj/Alch/Air  0%         N/A       96%         3
 Teleport Other           Tloc           0%         N/A       96%         3
 Volatile Blastmotes      Fire/Tloc      0%         2d10      96%         3
 Animate Dead             Necr           0%         N/A       100%        4
 Fulminant Prism          Conj/Alch      0%         3d5       100%        4
 Iskenderun's Mystic Bla  Conj/Tloc      0%         2d3       100%        4
 Manifold Assault         Tloc           0%         N/A       100%        4
 Summon Blazeheart Golem  Fire/Summ      0%         N/A       100%        4
 Borgnjor's Vile Clutch   Necr/Erth      0%         N/A       100%        5
 Freezing Cloud           Conj/Ice/Air   0%         6-21      100%        5
 Death Channel            Necr           0%         N/A       100%        6
 Dispersal                Tloc           0%         N/A       100%        6
 Plasma Beam              Fire/Air       0%         2x1d10    100%        6
 Sculpt Simulacrum        Ice/Alch       0%         N/A       100%        6
 Starburst                Conj/Fire      0%         6d3       100%        6
 Ozocubu's Refrigeration  Ice            0%         4d7       100%        7
 Disjunction              Tloc           0%         N/A       100%        8
 Maxwell's Capacitive Co  Air            0%         ∞         100%        8
 Polar Vortex             Ice            0%         N/A       100%        9


Dungeon Overview and Level Annotations

Branches:
Dungeon (15/15)            Temple (1/1) D:7            Lair (5/5) D:9
  Swamp (3/4) Lair:2        Snake (0/4) Lair:3        Slime (0/5) Lair:4
    Orc (2/2) D:11            Elf (0/3) Orc:2        Vaults (0/5) D:14
 Depths (0/4) D:15

Altars:
Ashenzari
Cheibriados
Dithmenos
Fedhas
Gozag
Hepliaklqana
Kikubaaqudgha
Makhleb
Nemelex Xobeh
Okawaru
Qazlal
Ru
Sif Muna
Trog
Uskayaw
Vehumet
Wu Jian
Xom
Yredelemnul

Shops:
D:3 *   Orc:2 !(!=

Annotations:
D:4 1 runed translucent door, 2 transporters, Crazy Yiuf; Sundig's ghost, amateur VSFi
D:7 Jeremiah
D:9 exclusions: ice statue and upstairs
D:15 Roxanne
Lair:3 2 transporters, bakla's ghost, journeyman GnHu


Innate Abilities, Weirdness & Mutations

You have a pair of large horns on your head.
You are surrounded by a strong repulsion field. (EV +4, RMsl)
A meltable icy envelope protects you from harm. (AC +0)
You regenerate magic rapidly.
A meltable shield of frost defends you. (SH +0)
Your hexes are more powerful.


Message History

The bunyip is engulfed in a cloud of scalding steam.
The bunyip misses you. x3
The spriggan rider completely misses you.
The will-o-the-wisp completely misses you.
There is a stone staircase leading up here.
The spriggan rider hits you from afar with a +0 spear!
* * * LOW HITPOINT WARNING * * *
The will-o-the-wisp gestures.
The will-o-the-wisp conjures some marshlight!
You climb upwards.
There is a stone staircase leading down here.
You slice the will-o-the-wisp!!
You headbutt the will-o-the-wisp, but do no damage.
The will-o-the-wisp is severely damaged.
The bunyip howls a warning cry!
The will-o-the-wisp blinks!
You slice the bunyip!! You headbutt the bunyip.
The bunyip is moderately wounded.
The bunyip misses you. The bunyip claws you!
* * * LOW HITPOINT WARNING * * *
The bunyip barely misses you.
You slash the bunyip!
You feel better.
You headbutt the bunyip.
The bunyip is heavily wounded.
You slice the bunyip!!
You feel better.
The bunyip is almost dead.
The will-o-the-wisp gestures.
The will-o-the-wisp conjures some marshlight! 2 foxfires come into view.
You slash the bunyip!
The bunyip is almost dead.
The foxfire hits you!
* * * LOW HITPOINT WARNING * * *
The will-o-the-wisp gestures.
The will-o-the-wisp conjures some marshlight! 2 foxfires come into view.
You slice the bunyip!!
You kill the bunyip!
The Council accepts your kill. The foxfire hits you!
You die...

.♣♣~..~.~§~...♣.....~≈≈≈~~~§..♣
♣♣♣♣~..~~~§.......§≈≈≈≈≈~≈~..~♣
♣♣♣♣♣.~~~~~...>.~.~≈≈≈≈~≈≈~..♣♣
♣♣...~~~.....♣♣♣..~≈≈~..≈≈≈~.♣
♣....~~~......♣..~≈≈≈.<.≈≈~~.♣♣
♣.~~..............≈≈≈.~.≈≈~...♣
~.~~.~.~~.~~~.....§≈≈≈≈≈≈≈~..~♣
♣♣§..♣♣...♣.~~....~≈≈≈≈≈≈≈~.~~♣
♣♣♣...~..♣♣♣~...@..~~≈≈≈~~~.~.♣
♣.~..~~~.♣♣.~..§v....~~.....~~♣♣
.~~..~~~.♣§~~.♣~§..♣♣♣♣♣♣.~.~.§♣
.~~..~~~.♣♣~~♣♣.v§♣♣...♣♣...§~.♣♣
.....~...♣~.♣♣♣.§v~.~~.♣~...~~~.♣
~~~~...~~.....~~§.v.........~~~.♣
♣~~~..~~~...~~~§.♣♣♣...~♣^..~~§.♣
♣♣~........^~~~~.♣ ♣~~.~♣..~~~~.♣
♣§♣♣♣♣...~~~~~~~♣♣♣♣.~....~~~~~~♣


You could see a will-o-the-wisp.

Vanquished Creatures
  Rupert (D:15)
  An orc warlord (Orc:2)
  3 eleionomae (Swamp:1)
  A dire elephant (D:15)
  A bunyip (Swamp:2)
  11 hydras
  8 alligators
  A merfolk avatar (Lair:5)
  Harold (Lair:1)
  Erolcha (D:13)
  8 centaur warriors
  2 ghost crabs
  A boulder beetle (D:15)
  3 catoblepae
  5 two-headed ogres
  2 death knights (D:15)
  13 death yaks
  3 orc high priests (Orc:2)
  A vampire mage (Swamp:2)
  Urug (D:10)
  5 skysharks
  5 skeletal warriors (D:15)
  A sea snake (Lair:5)
  7 goliath frogs
  Lodul (D:13)
  A deep troll (D:14)
  2 swamp dragons (Swamp:2)
  5 slime creatures (D:15)
  A lindwurm (Lair:4)
  5 orc knights (Orc:2)
  4 bog bodies
  4 orc sorcerers (Orc:2)
  6 ugly things (D:15)
  5 cyclopes
  3 manticores
  A wolf spider (D:15)
  8 elephants
  3 meliai (D:14)
  3 kobold blastminers (Orc:2)
  5 black mambas
  3 centaur skeletons (D:11)
  14 cane toads
  A centaur zombie (D:11)
  2 torpor snails
  7 rime drakes
  4 gargoyles
  An unseen horror (D:12)
  An efreet (D:14)
  11 komodo dragons
  A freezing wraith (D:14)
  A queen bee (shapeshifter) (D:13)
  A redback zombie (D:11)
  2 guardian mummies (D:14)
  3 trolls
  6 hornets
  2 hellwings (D:11)
  5 polar bears
  6 tyrant leeches
  Grinder (D:4)
  9 blink frogs (Lair:4)
  A snapping turtle (Lair:5)
  4 centaur simulacra
  A shadow (D:12)
  3 vampires
  42 yaks
  3 water elementals
  3 spriggans
  4 wraiths
  6 wyverns
  10 vampire mosquitoes
  4 steam dragons
  4 wargs (Orc:2)
  3 basilisks
  2 acid dragons
  2 nagas (Lair:3)
  3 swamp worms
  14 water moccasins
  Duvessa (D:4)
  20 orc warriors
  A swamp drake (Swamp:3)
  4 black bears
  2 hornet zombies (D:11)
  3 ice beasts
  A sky beast (D:6)
  12 ogres
  The ghost of Sobieck the Ruffian, an amateur DrSh (D:3)
  11 wolves
  A phantom (D:5)
  16 centaurs
  4 kobold brigands
  20 bullfrogs
  3 scorpions
  12 wights
  Dowan (D:4)
  15 killer bees
  4 howler monkeys
  An electric eel (D:11)
  3 bombardier beetles
  2 hounds
  12 orc priests
  6 jellies
  2 bullfrog skeletons (D:3)
  2 sleepcaps
  8 iguanas
  28 orc wizards
  Ijyb (D:4)
  4 hell rats
  3 gnolls (D:5)
  5 adders
  12 river rats
  6 shadow imps
  6 white imps
  2 ufetubi
  3 worms
  A dart slug (D:3)
  55 orcs
  12 ball pythons
  6 bats
  13 endoplasms
  4 giant cockroaches
  2 goblins
  6 hobgoblins
  23 kobolds
  4 quokkas
  A frilled lizard (D:1)
  12 rats
710 creatures vanquished.

Vanquished Creatures (collateral kills)
  3 vampire mosquitoes (D:13)
  3 centaurs (D:13)
6 creatures vanquished.

Vanquished Creatures (others)
  A fire giant (D:14)
  An orc wizard (Orc:2)
  An orc (D:9)
  7 foxfires
10 creatures vanquished.

Grand Total: 726 creatures vanquished

Notes
Turn   | Place    | Note
-------+----------+-------------------------------------------
     0 | D:1      | tgirl the Demonspawn Gladiator began the quest for the Orb.
     0 | D:1      | Reached XP level 1. HP: 16/16 MP: 1/1
   118 | D:1      | Gained mutation: You are surrounded by a mild repulsion
                  | field. (EV +2) [demonic ancestry]
   118 | D:1      | Reached XP level 2. HP: 6/22 MP: 2/2
   781 | D:2      | Reached XP level 3. HP: 28/28 MP: 3/3
   842 | D:2      | Found a faded altar of an unknown god.
  1626 | D:3      | Noticed a centaur
  1763 | D:3      | Noticed Ijyb
  1905 | D:4      | Reached skill level 3 in Fighting
  1905 | D:4      | Gained mutation: A meltable shield of frost defends you.
                  | (SH +0) [demonic ancestry]
  1905 | D:4      | Reached XP level 4. HP: 31/35 MP: 4/4
  1916 | D:4      | Gained mutation: You regenerate magic rapidly. [demonic
                  | ancestry]
  1916 | D:4      | Reached XP level 5. HP: 29/41 MP: 5/5
  1943 | D:4      | Killed Ijyb
  1957 | D:4      | Noticed Grinder
  1981 | D:4      | Paralysed by Grinder for 2 turns
  2022 | D:5      | Entered Level 5 of the Dungeon
  2121 | D:4      | Paralysed by Grinder for 5 turns
  2248 | D:3      | Found Yfaap Kara's General Store.
  2258 | D:3      | Bought a potion of heal wounds for 70 gold pieces
  2258 | D:3      | Bought a potion of curing for 42 gold pieces
  2334 | D:3      | Found a runed translucent gate.
  2334 | D:3      | Found a runed translucent gate.
  2334 | D:3      | Found a runed translucent gate.
  2346 | D:3      | Noticed Sobieck's ghost (amateur DrSh)
  2409 | D:3      | Reached skill level 4 in Fighting
  2409 | D:3      | Gained mutation: You have a pair of small horns on your
                  | head. [demonic ancestry]
  2409 | D:3      | Reached XP level 6. HP: 48/48 MP: 6/6
  2563 | D:3      | Found a snail-covered altar of Cheibriados.
  2736 | D:3      | Killed Sobieck's ghost
  2747 | D:3      | Gained mutation: A meltable icy envelope protects you from
                  | harm. (AC +0) [demonic ancestry]
  2747 | D:3      | Reached XP level 7. HP: 42/55 MP: 7/7
  2841 | D:4      | Identified the +6 leather armour of Dust Devil {Str+6
                  | Stlth+}
  2998 | D:4      | Found a runed translucent door.
  2999 | D:4      | Noticed Crazy Yiuf
  3135 | D:4      | Found a stormy altar of Qazlal.
  3140 | D:4      | Found a hide-covered altar of Uskayaw.
  3221 | D:4      | Found a transporter.
  3222 | D:4      | Found a transporter.
  3222 | D:4      | Noticed Sundig's ghost (amateur VSFi)
  3504 | D:5      | Reached skill level 5 in Fighting
  3504 | D:5      | Reached skill level 5 in Dodging
  3514 | D:5      | Reached skill level 5 in Long Blades
  3546 | D:5      | Identified the +9 flail of Gallantry {holy, rF+ Str+2}
  3554 | D:5      | Found a sacrificial altar of Ru.
  3699 | D:5      | Gained mutation: You are surrounded by a moderate repulsion
                  | field. (EV +3) [demonic ancestry]
  3699 | D:5      | Reached XP level 8. HP: 57/64 MP: 8/8
  3868 | D:6      | Reached skill level 6 in Fighting
  4095 | D:6      | Found an opulent altar of Gozag.
  4271 | D:6      | Reached skill level 7 in Fighting
  4739 | D:7      | Reached XP level 9. HP: 72/72 MP: 9/9
  4835 | D:7      | Noticed Jeremiah
  5319 | D:7      | Reached skill level 8 in Fighting
  6651 | D:4      | Noticed Dowan
  6653 | D:4      | Noticed Duvessa
  6656 | D:4      | Killed Dowan
  6668 | D:4      | Killed Duvessa
  6680 | D:4      | Killed Grinder
  7397 | D:7      | Found a staircase to the Ecumenical Temple.
  7397 | D:7      | Noticed a cyclops
  7403 | D:7      | Killed a cyclops
  7404 | D:7      | Reached XP level 10. HP: 62/82 MP: 7/10
  7421 | Temple   | Entered the Ecumenical Temple
  7474 | Temple   | Became a worshipper of the Wu Jian Council
  7890 | D:8      | Reached skill level 9 in Fighting
  8188 | D:8      | Identified the +0 scale mail of Kodicwu {Regen+ rCorr Dex-3
                  | SInv}
  8623 | D:9      | Reached skill level 1 in Stealth
  8644 | D:9      | Noticed a two-headed ogre
  8693 | D:9      | Noticed a death yak
  8693 | D:9      | Found a staircase to the Lair.
  8693 | D:9      | Noticed a death yak
  8694 | D:9      | Noticed a death yak
  8886 | D:9      | Reached * piety under Wu Jian
  9105 | D:9      | Killed a two-headed ogre
  9256 | D:9      | Noticed a gargoyle
  9283 | D:9      | Killed a gargoyle
  9377 | D:9      | Killed a death yak
  9392 | D:9      | Killed a death yak
  9393 | D:9      | Reached skill level 10 in Fighting
  9393 | D:9      | Reached XP level 11. HP: 47/90 MP: 7/11
  9403 | D:9      | Killed a death yak
  9630 | D:9      | Noticed a catoblepas
  9649 | D:9      | Killed a catoblepas
 10005 | D:9      | Found a shimmering blue altar of Sif Muna.
 10009 | D:9      | Reached skill level 5 in Stealth
 10195 | D:9      | Found a basalt altar of Yredelemnul.
 10338 | D:10     | Entered Level 10 of the Dungeon
 10363 | Lair:1   | Entered Level 1 of the Lair of Beasts
 10363 | Lair:1   | Found a burning altar of Makhleb.
 10455 | Lair:1   | Noticed a four-headed hydra
 11054 | Lair:1   | Noticed Harold
 11105 | Lair:1   | Killed Harold
 11105 | Lair:1   | Reached ** piety under Wu Jian
 11106 | Lair:1   | Reached skill level 10 in Long Blades
 11106 | Lair:1   | Reached skill level 10 in Dodging
 11324 | D:10     | Noticed a two-headed ogre
 11338 | D:10     | Killed a two-headed ogre
 11371 | D:10     | Noticed a two-headed ogre
 11382 | D:10     | Killed a two-headed ogre
 11383 | D:10     | Reached skill level 11 in Fighting
 11607 | D:10     | Noticed a two-headed ogre
 11618 | D:10     | Killed a two-headed ogre
 11725 | D:10     | Gained mutation: You are surrounded by a strong repulsion
                  | field. (EV +4, RMsl) [demonic ancestry]
 11725 | D:10     | Reached XP level 12. HP: 68/100 MP: 8/12
 11961 | D:10     | Noticed Urug
 11979 | D:10     | Killed Urug
 12385 | D:11     | Found an opulent altar of Gozag.
 12451 | D:11     | Identified a scroll of acquirement
 12452 | D:11     | Acquired the +7 double sword of the Thing {vamp, Stlth+}
 12607 | D:11     | You fall into a shaft and drop 1 floor!
 12684 | D:12     | Noticed a two-headed ogre
 13223 | D:11     | Reached *** piety under Wu Jian
 13716 | D:11     | Found a staircase to the Orcish Mines.
 14261 | Lair:1   | Reached skill level 12 in Fighting
 14522 | Lair:1   | Killed a 17-headed hydra
 14881 | Lair:2   | Reached XP level 13. HP: 109/109 MP: 13/13
 14995 | Lair:2   | Reached **** piety under Wu Jian
 15170 | Lair:2   | Found a staircase to the Swamp.
 15585 | Swamp:1  | Entered Level 1 of the Swamp
 15585 | Swamp:1  | Noticed an eleionoma
 15711 | Lair:3   | Found a transporter.
 15711 | Lair:3   | Noticed bakla's ghost (journeyman GnHu)
 15765 | Lair:3   | Identified the +7 flail of Insufficient Pleasure {holy,
                  | *Rage rElec Str+2 Dex+4}
 15812 | Lair:3   | Found a staircase to the Snake Pit.
 16036 | Lair:3   | Reached skill level 13 in Fighting
 16301 | Lair:3   | Found a transporter.
 16725 | Lair:4   | Found a staircase to the Slime Pits.
 16739 | Lair:4   | Reached ***** piety under Wu Jian
 17455 | Lair:5   | Entered Level 5 of the Lair of Beasts
 17570 | Lair:5   | Reached XP level 14. HP: 65/119 MP: 8/14
 17650 | Lair:5   | Reached skill level 14 in Fighting
 19340 | D:13     | Noticed Erolcha
 19352 | D:13     | Killed Erolcha
 19352 | D:13     | Reached ****** piety under Wu Jian
 19571 | D:13     | Noticed Lodul
 20239 | D:13     | Killed Lodul
 20389 | D:14     | Reached skill level 15 in Fighting
 20505 | D:14     | Found a gate to the Vaults.
 20506 | D:14     | Noticed a fire giant
 20514 | D:14     | Killed a fire giant
 20923 | D:14     | Found a portal to a secret trove of treasure.
 20942 | Trove    | Entered a treasure trove
 21428 | D:15     | Entered Level 15 of the Dungeon
 21450 | D:15     | Gained mutation: You have a pair of horns on your head.
                  | [demonic ancestry]
 21450 | D:15     | Reached XP level 15. HP: 129/129 MP: 15/15
 21456 | D:15     | Noticed Rupert
 21459 | D:15     | Killed Rupert
 21519 | D:15     | HP: 6/129 [skeletal warrior/+0 halberd (19)]
 22166 | D:15     | Found a staircase to the Depths.
 22264 | D:15     | Noticed Roxanne
 22376 | D:15     | Reached skill level 5 in Shields
 22376 | D:15     | Gained mutation: You have a pair of large horns on your
                  | head. [demonic ancestry]
 22376 | D:15     | Reached XP level 16. HP: 137/137 MP: 16/16
 22927 | Orc:1    | Entered Level 1 of the Orcish Mines
 23194 | Orc:2    | Entered Level 2 of the Orcish Mines
 23209 | Orc:2    | Found a staircase to the Elven Halls.
 23300 | Orc:2    | Found a gate leading to a gauntlet.
 23474 | Orc:2    | Found Ewadamos's Jewellery Shop.
 23498 | Orc:2    | Reached skill level 16 in Fighting
 23965 | Orc:2    | Found Risin's Distillery.
 23966 | Orc:2    | Found Rojis's Distillery.
 23966 | Orc:2    | Found Tiacvojuem's Antique Weapon Emporium.
 24182 | Orc:2    | Bought an amulet of the acrobat for 510 gold pieces
 24215 | Orc:2    | Bought a potion of ambrosia for 128 gold pieces
 24215 | Orc:2    | Bought a potion of curing for 48 gold pieces
 24215 | Orc:2    | Bought a potion of curing for 48 gold pieces
 24226 | Orc:2    | Bought 3 potions of berserk rage for 225 gold pieces
 24671 | Swamp:1  | You fall into a shaft and drop 1 floor!
 24692 | Swamp:2  | Reached skill level 15 in Long Blades
 24692 | Swamp:2  | Reached skill level 15 in Dodging
 25013 | Swamp:2  | HP: 5/138 [poisoned by a swamp dragon (poison gas)]
 26018 | Swamp:1  | Gained mutation: Your hexes are more powerful. [demonic
                  | ancestry]
 26018 | Swamp:1  | Reached XP level 17. HP: 138/140 MP: 17/17
 27582 | Swamp:2  | HP: 2/143 [bunyip (14)]
 27586 | Swamp:2  | Killed from afar by a will-o-the-wisp

Illustrated notes

Levels and vault maps discovered:
D:1:      dpeg_chamrin_arrival_tetris, layout_rooms
D:2:      layout_rooms, nicolae_ecumenical_lake_church
D:3:      layout_basic, amcnicky_altar_gilded, serial_shops, shop,
          gammafunk_ghost_necromancy, uniq_ijyb
D:4:      layout_layer_cave, nicolae_uskayaw_dance_hall, grunt_qazlal_clouds,
          gammafunk_ghost_arena, uniq_crazy_yiuf_cottage, uniq_duvessa,
          uniq_grinder
D:5:      layout_gridville, nicolae_ru_great_annihilating_truth,
          nrook_mini_vaults
D:6:      layout_loops_ring, mainiacjoe_overflow_paths, serial_demonic,
          serial_demonic_b, serial_demonic_g, serial_demonic_g,
          serial_demonic_d, serial_park_tiny_pond,
          serial_library_hellmonk_filled_rooms
D:7:      layout_gridville, minmay_temple_entry_statues_fountains,
          grunt_ministairs_7, uniq_jeremiah
D:8:      layout_gridville
D:9:      layout_big_octagon, lemuel_tele_altar, kennysheep_ying_yang,
          dpeg_lair_monsters, nzn_random_ring
D:10:     layout_gridville, zin_statuary, uniq_urug
D:11:     cheibrodos_grave_circle, layout_layer_cave, david_orc_4, serial_ice,
          serial_ice_m, serial_ice_o, serial_ice_j, serial_ice_f,
          hangedman_decor_push, nicolae_gozag_seed_capital
D:12:     layout_stronghold
D:13:     layout_roguey, uniq_erolcha, uniq_lodul
D:14:     kennysheep_cluttered_fort, layout_small_grid,
          hellmonk_vaults_attempted_burglary, minmay_stone_trees_small,
          nicolae_trove_entry_path_of_doom
D:15:     hangedman_depths_entry_try_elsewhere_first, layout_basic, uniq_rupert,
          uniq_roxanne
Temple:   nicolae_temple_god_jail
Lair:1:   layout_roguey, basic_altar, uniq_harold
Lair:2:   layout_long_grid, swamp_mist, kennysheep_rathole
Lair:3:   layout_concentric_octagons, guppyfry_snake_entry_island,
          gammafunk_ghost_arena
Lair:4:   layout_roguey, slime_entry_2, grunt_megastairs_3, serial_bayou_shore_a
Lair:5:   gammafunk_lair_ancient_temple, layout_misc_corridors,
          chequers_serial_rivers_small_b, dreamdust_mushroom_princess,
          minivault_11
Swamp:1:  layout_basic_swamp, nicolae_swamp_stuck_in_the_mud, swamp_pool_1_2
Swamp:2:  layout_basic_swamp, nicolae_swamp_treefoil,
          cheibrodos_swamp_pet_leeches, nicolae_swamp_long_stream,
          infiniplex_staircase_pool_2
Swamp:3:  layout_falls_marsh, evilmike_swamp_ruin_house_5,
          nzn_swamp_stair_ambush, infiniplex_staircase_pool
Orc:1:    layout_caves, serial_shops, nicolae_shop_real_fake_doors
Orc:2:    st_orc_elflike, layout_diamond_mine, gauntlet_entry_generic

Skill      XL: |  1  2  3  4  5  6  7  8  9 10 11 12 13 14 15 16 |
---------------+-------------------------------------------------+-----
Dodging        | 3 4 5 6 8 9 10 11 12 14 15 | 15.3
Long Blades    | 3 4 5 6 8 9 10 11 12 14 15 | 15.3
Fighting       | 3 4 5 7 8 10 11 12 13 15 16 | 16.6
Stealth        | 4 6 7 |  7.6
Shields        | 5 6 |  6.9
Throwing       | |  1.7

Action                     |  1- 3 |  4- 6 |  7- 9 | 10-12 | 13-15 | 16-18 || total
---------------------------+-------+-------+-------+-------+-------+-------++-------
  Melee: Long sword        |   135 |    93 |   312 |   436 |       |       ||   976
         Headbutt          |       |     9 |    55 |   181 |   247 |   160 ||   652
         Punch             |       |       |     2 |    10 |    15 |       ||    27
         Double sword      |       |       |       |   270 |   899 |   556 ||  1725
 Invoke: Serpent's Lash    |       |       |       |       |     1 |       ||     1
Ability: Whirlwind         |       |       |       |    83 |   103 |    81 ||   267
         Lunge             |       |       |       |    27 |    43 |    32 ||   102
  Evoke: Wand              |       |       |       |     5 |       |       ||     5
    Use: Scroll            |    11 |     2 |    12 |    15 |     8 |     4 ||    52
         Potion            |     1 |       |       |     4 |     2 |     9 ||    16
   Stab: Sleeping          |     1 |       |     6 |     7 |    31 |     4 ||    49
         Invisible         |       |       |     1 |       |       |       ||     1
         Paralysed         |       |       |     1 |       |       |       ||     1
         Distracted        |       |       |       |     1 |     9 |     1 ||    11
 Armour: Leather armour    |    57 |    30 |    99 |   301 |   344 |   255 ||  1086
  Dodge: Dodged            |   129 |   101 |   300 |   999 |  1187 |   597 ||  3313
         Repelled          |       |       |       |     3 |     7 |     6 ||    16
  Block: Other             |       |    13 |    47 |   145 |   149 |       ||   354
         Kite shield       |       |       |       |       |       |   517 ||   517

Table legend: (Time is in decaauts)
 A = Elapsed time spent in this place.
 B = Non-inter-level travel time spent in this place.
 C = Inter-level travel time spent in this place.
 D = Time resting spent in this place.
 E = Time spent auto-exploring this place.
 F = Levels seen in this place.
 G = Mean time per level.
                   A        B        C        D        E       F      G
               +--------+--------+--------+--------+--------+-----+--------+
         Total |  27808 |  26114 |   1694 |   7494 |   8697 |  27 | 1029.9 |
       Dungeon |  17493 |  16187 |   1306 |   4186 |   6252 |  15 | 1166.2 |
        Temple |     62 |     62 |      0 |     41 |      0 |   1 |   62.0 |
          Lair |   5457 |   5168 |    289 |   1088 |   1727 |   5 | 1091.4 |
         Swamp |   3150 |   3115 |     35 |   1677 |    507 |   3 | 1050.0 |
  Orcish Mines |   1539 |   1476 |     63 |    501 |    210 |   2 |  769.5 |
         Trove |    105 |    105 |      0 |      0 |      0 |   1 |  105.0 |
               +--------+--------+--------+--------+--------+-----+--------+

Top non-repeatable levels by time:
     D:6: 2114 daAuts
 Swamp:1: 1701 daAuts
     D:9: 1601 daAuts
     D:4: 1595 daAuts
    D:11: 1585 daAuts
  Lair:1: 1466 daAuts
 Swamp:2: 1428 daAuts
    D:15: 1381 daAuts
     D:8: 1291 daAuts
   Orc:2: 1268 daAuts
    D:10: 1161 daAuts
  Lair:5: 1104 daAuts
    D:13: 1041 daAuts
  Lair:3: 1036 daAuts
    D:14: 972 daAuts
